 Dungeon Crawl Stone Soup version 0.24-a0-639-gb70a11d811 (webtiles) character file.

Game seed: 4562129829443425657, levelgen mode: deterministic

2258 Kohma the Purveyor of Pain (level 9, -1/103 HPs)
             Began as a Demonspawn Necromancer on Sept 23, 2019.
             Was an Initiate of Kikubaaqudgha.
             Slain by a gnoll
             ... wielding a +0 spear
              (4 damage)
             ... on level 7 of the Dungeon.
             The game lasted 00:34:53 (8437 turns).

Kohma the Purveyor of Pain (Demonspawn Necromancer) Turns: 8437, Time: 00:34:55

Health: -1/103     AC: 24    Str: 15    XL:     9   Next: 15%
Magic:  4/16       EV:  2    Int: 19    God:    Kikubaaqudgha [......]
Gold:   359        SH:  0    Dex: 13    Spells: 9/18 levels left

rFire    . . .     SeeInvis .   b - +1 dagger (venom)
rCold    . . .     Gourm    .   (no shield)
rNeg     + + +     Faith    .   (armour currently unavailable)
rPois    +         Spirit   .   (helmet currently unavailable)
rElec    .         Reflect  .   (cloak currently unavailable)
rCorr    .         Harm     .   (gloves currently unavailable)
MR       .....     NoTele   +   (boots currently unavailable)
Stlth    ++........             (no amulet)
HPRegen  0.27/turn              y - ring of wizardry
MPRegen  0.15/turn              t - ring of flight

@: mighty, tree-form (expiring), marked
A: rot immunity
a: Renounce Religion


You were on level 7 of the Dungeon.
You worshipped Kikubaaqudgha.
Kikubaaqudgha was noncommittal.
You were very hungry.
You were a tree.
You visited 2 branches of the dungeon, and saw 8 of its levels.

You collected 359 gold pieces.

Inventory:

Hand Weapons
 a - a +1 hunting sling
 b - a +1 dagger of venom (weapon)
Missiles
 j - 105 sling bullets
 u - 77 stones (quivered)
Armour
 q - a +0 large shield
 s - a scarf of repulsion (melded)
 x - a +0 robe
 z - a +2 hat (melded)
 B - a +0 pair of boots (melded)
 C - the +2 leather armour "Tonger" (melded) {rF- Int+5}
   (You found it on level 5 of the Dungeon)

   It affects your intelligence (+5).
   It makes you vulnerable to fire.
Jewellery
 t - a ring of flight (right branch)
 y - a ring of wizardry (left branch)
Wands
 k - a wand of enslavement (9)
 v - a wand of flame (16)
 w - a wand of iceblast (7)
 A - a wand of random effects (8)
 F - a wand of acid (8)
Scrolls
 e - 2 scrolls of immolation
 f - 5 scrolls of teleportation
 g - 2 scrolls of blinking
 o - 3 scrolls of remove curse
 r - a scroll of enchant weapon
Potions
 d - 2 potions of might
 h - a potion of brilliance
 i - 3 potions of curing
 m - a potion of resistance {unknown}
 n - 3 potions of cancellation
 E - a potion of agility {unknown}
 G - 2 potions of mutation {unknown}
Comestibles
 c - 6 rations


   Skills:
 + Level 5.8 Fighting
 - Level 1.7 Dodging
 - Level 1.7 Stealth
 + Level 2.8 Shields
 - Level 5.0 Spellcasting
 * Level 10.4 Necromancy


You had 9 spell levels left.
You knew the following spells:

 Your Spells              Type           Power        Failure   Level  Hunger
a - Pain                  Necr           ####         1%          1    None
b - Animate Skeleton      Necr           N/A          1%          1    None
c - Regeneration          Chrm/Necr      ###.......   1%          3    ##.....
d - Animate Dead          Necr           N/A          1%          4    ####...

Your spell library contained the following spells:

 Spells                   Type           Power        Failure   Level  Hunger
 Vampiric Draining        Necr           #####.....   1%          3    ##.....
 Apportation              Tloc           #.....       4%          1    None
 Confusing Touch          Hex            #.....       4%          1    None
 Summon Small Mammal      Summ           #...         4%          1    None


Dungeon Overview and Level Annotations

Branches:
Dungeon (7/15)             Temple (1/1) D:6

Altars:
Ashenzari
Cheibriados
Dithmenos
Elyvilon
Fedhas
Kikubaaqudgha
Qazlal
Ru
Sif Muna
Uskayaw
Vehumet
Wu Jian
Xom
Yredelemnul
Lugonu

Annotations:
D:3 1 runed translucent door, PeterQ's ghost, amateur TrHu


Innate Abilities, Weirdness & Mutations

((You have a pair of small antennae on your head.))
((You are completely covered in iridescent scales. (AC +6)))
You are immune to rotting.


Message History

Harold is almost dead.
Harold hits you with a +0 dire flail.
* * * LOW HITPOINT WARNING * * *
The gnoll hits you but does no damage.
You hit Harold.
Harold looks as sick as possible!
Harold is almost dead.
You kill Harold!
Kikubaaqudgha accepts your kill.
Your life force feels restored.
Your Shields skill increases to level 2!
Your Necromancy skill increases to level 10!
You have reached level 9!
Your experience leads to an increase in your attributes!
Your base attributes are Str 9, Int 19, Dex 13.
Increase (S)trength, (I)ntelligence, or (D)exterity?
You feel stronger.
Your demonic ancestry asserts itself...
You feel immune to rotting.
The gnoll hits you from afar with a +0 spear.
You die...
Kikubaaqudgha rasps: "You have failed me!
Welcome... death!"

###########
..(....♣).#
.########g#
#g# #)# #.#
#o#
#.oo@.o..@.
#.#......=.
#.#(#######


You could see a gnoll.

Vanquished Creatures
  Harold (D:7)
  Edmund (D:5)
  An ice beast (D:6)
  An orc warrior (D:6)
  An ogre (D:4)
  A centaur (D:5)
  2 electric eels (D:5)
  4 wights (D:6)
  A centaur zombie (D:5)
  3 hounds (D:4)
  6 orc wizards
  Natasha (thrice) (D:4)
  An iguana (D:6)
  5 worker ants
  A hound zombie (D:5)
  A hound skeleton (D:6)
  A worker ant zombie (D:5)
  4 gnolls (D:6)
  10 adders
  A shadow imp (D:5)
  2 worms
  A dart slug (D:2)
  20 orcs
  A ball python (D:1)
  6 bats
  5 giant cockroaches
  10 goblins
  9 hobgoblins
  7 jackals
  4 kobolds
  6 quokkas
  4 frilled lizards
  A quokka skeleton (D:5)
  7 rats
132 creatures vanquished.

Vanquished Creatures (collateral kills)
  A necrophage (D:6)
  An ogre (D:4)
  An adder (D:3)
  An ooze (D:1)
  4 orcs
  A giant cockroach (D:4)
  2 goblins (D:3)
  A ball python (D:3)
  2 frilled lizards (D:3)
  A quokka skeleton (D:4)
15 creatures vanquished.

Vanquished Creatures (others)
  A plant (D:5)
1 creature vanquished.

Grand Total: 148 creatures vanquished

Notes
Turn   | Place    | Note
-------+----------+-------------------------------------------
     0 | D:1      | Kohma the Demonspawn Necromancer began the quest for the
                  | Orb.
     0 | D:1      | Reached XP level 1. HP: 13/13 MP: 3/3
   249 | D:1      | Found a shattered altar of Ashenzari.
   367 | D:1      | Gained mutation: You are partially covered in iridescent
                  | scales. (AC +2) [demonic ancestry]
   367 | D:1      | Reached XP level 2. HP: 6/20 MP: 0/5
   729 | D:1      | Learned a level 1 spell: Animate Skeleton
   909 | D:1      | Reached skill level 1 in Fighting
  1063 | D:1      | Reached skill level 5 in Necromancy
  1092 | D:2      | Reached XP level 3. HP: 26/26 MP: 4/6
  1113 | D:2      | Learned a level 3 spell: Regeneration
  1158 | D:2      | Found a hide-covered altar of Uskayaw.
  1617 | D:2      | Gained mutation: You are mostly covered in iridescent
                  | scales. (AC +4) [demonic ancestry]
  1617 | D:2      | Reached XP level 4. HP: 23/32 MP: 1/7
  2089 | D:2      | Found a shadowy altar of Dithmenos.
  2574 | D:3      | Found a basalt altar of Yredelemnul.
  2608 | D:3      | Found a runed translucent door.
  2612 | D:3      | Noticed PeterQ's ghost (amateur TrHu)
  2667 | D:3      | Gained mutation: You are completely covered in iridescent
                  | scales. (AC +6) [demonic ancestry]
  2667 | D:3      | Reached XP level 5. HP: 34/38 MP: 3/9
  2722 | D:3      | Learned a level 4 spell: Animate Dead
  2870 | D:3      | Reached skill level 6 in Necromancy
  4322 | D:4      | Reached XP level 6. HP: 30/45 MP: 10/10
  4372 | D:4      | Noticed Natasha
  4539 | D:4      | Killed Natasha
  4636 | D:4      | Noticed Natasha
  4638 | D:4      | Killed Natasha
  4899 | D:4      | Noticed Natasha
  4904 | D:4      | Killed Natasha
  5005 | D:4      | Reached skill level 7 in Necromancy
  5270 | D:4      | Gained mutation: You have a pair of small antennae on your
                  | head. [demonic ancestry]
  5270 | D:4      | Reached XP level 7. HP: 47/51 MP: 5/12
  5621 | D:5      | Entered Level 5 of the Dungeon
  5639 | D:5      | Found a transporter.
  5670 | D:5      | Found a transporter.
  6123 | D:5      | Reached skill level 8 in Necromancy
  6458 | D:5      | Noticed Edmund
  6649 | D:5      | Killed Edmund
  6649 | D:5      | Reached XP level 8. HP: 45/60 MP: 1/14
  6776 | D:5      | Got a warped leather armour
  6806 | D:5      | Identified the +2 leather armour "Tonger" {rF- Int+5} (You
                  | found it on level 5 of the Dungeon)
  7061 | D:6      | Found a staircase to the Ecumenical Temple.
  7077 | Temple   | Entered the Ecumenical Temple
  7105 | Temple   | Became a worshipper of Kikubaaqudgha
  7444 | D:6      | Reached skill level 9 in Necromancy
  7819 | D:6      | Reached skill level 5 in Spellcasting
  8119 | D:6      | Reached skill level 5 in Fighting
  8119 | D:6      | Reached skill level 1 in Shields
  8384 | D:7      | Noticed Harold
  8436 | D:7      | HP: 2/93 [Harold/+0 dire flail (6)]
  8437 | D:7      | Killed Harold
  8437 | D:7      | Reached skill level 10 in Necromancy
  8437 | D:7      | Gained mutation: You are immune to rotting. [demonic
                  | ancestry]
  8437 | D:7      | Reached XP level 9. HP: 3/69 MP: 4/16
  8437 | D:7      | Slain by a gnoll

Levels and vault maps discovered:
D:1:      psy_arrival_whirlpool, layout_rooms, ashenzari_altar_1
D:2:      layout_loops_cross, lemuel_coloured_pillars_altar,
          eat_drink_and_be_merry_uskayaw, grunt_ministairs_13
D:3:      layout_loops_corners, nicolae_overflow_hidden_temple,
          ebering_ghost_sewer_d
D:4:      layout_loops_cross, minmay_divided_ellipse, uniq_natasha
D:5:      gammafunk_steamed_eel, layout_gridville, first_ration, uniq_edmund
D:6:      layout_loops_ring, minmay_temple_entry_waves
D:7:      layout_loops_ring, minitemple, uniq_pikel, uniq_harold
Temple:   kb_corrupted_temple

Skill      XL: |  1  2  3  4  5  6  7  8 |
---------------+-------------------------+-----
Fighting       | 1 2 3 4 5 |  5.8
Necromancy     | 5 6 7 8 10 | 10.4
Spellcasting   | 3 4 5 |  5.0
Shields        | 2 |  2.8
Dodging        | |  1.7
Stealth        | |  1.7

Action                   |  1- 3 |  4- 6 |  7- 9 || total
-------------------------+-------+-------+-------++-------
Melee: Club              |     9 |       |       ||     9
       Dagger            |    18 |    34 |    72 ||   124
 Fire: Hunting sling     |       |    35 |   113 ||   148
 Cast: Pain              |    63 |    89 |   100 ||   252
       Animate Skeleton  |     4 |    13 |     6 ||    23
       Animate Dead      |       |     4 |     6 ||    10
  Use: Scroll            |       |     9 |     7 ||    16
       Potion            |       |       |     4 ||     4
 Stab: Distracted        |       |       |     3 ||     3
  Eat: Chunk             |     2 |    10 |     6 ||    18
       Ration            |       |     1 |     1 ||     2
Armor: Robe              |     1 |    36 |    42 ||    79
       Leather armour    |       |       |    36 ||    36
       Skin              |       |       |    22 ||    22
Dodge: Dodged            |    24 |    49 |    86 ||   159
       Deflected         |       |       |     1 ||     1

Table legend:
 A = Non-vault XP
 B = Vault XP
 C = Vault XP percentage of total XP
 D = Non-vault monster count
 E = Vault monster count
 F = Vault count percentage of total count
                 A         B        C        D         E       F
            +---------+---------+-------+---------+---------+-------
      Total |    1775 |    1451 |  45.0 |     134 |      13 |   8.8
            +---------+---------+-------+---------+---------+-------
        D:1 |      39 |       0 |   0.0 |      23 |       0 |   0.0
        D:2 |     120 |       6 |   4.8 |      16 |       2 |  11.1
        D:3 |     144 |       0 |   0.0 |      31 |       0 |   0.0
        D:4 |     373 |     197 |  34.6 |      17 |       7 |  29.2
        D:5 |     336 |     272 |  44.7 |      20 |       3 |  13.0
        D:6 |     716 |       0 |   0.0 |      22 |       0 |   0.0
        D:7 |      47 |     976 |  95.4 |       5 |       1 |  16.7
            +---------+---------+-------+---------+---------+-------
